Map: Avalon Labs

Players

Merlin - Winner!

  • Race: Terran Terran
  • Spawn Location: 5:00

A.I. 3 (Medium)

  • Race: Protoss Protoss

A.I. 4 (Medium)

  • Race: Zerg Zerg

A.I. 5 (Medium)

  • Race: Terran Terran
  • Spawn Location: 11:00

VOD

Have the link to the VOD?

Description

Time

  • Played on: Jan. 22, 2017, 1:25 a.m.
  • Length: 13:08
Show
View Real Time Build Order
Export as new Build Order

Merlin Terran - Winner!

Build Orders: Command Center First (CC), MMM Bio 

Get SALT Encoding   

  12  0:01  SCV  
  13  0:13  SCV  
  14  0:19  Supply Depot  
  14  0:33  SCV  
  15  0:45  SCV  
  16  0:59  Command Center  
  16  1:10  Barracks  
  16  1:13  SCV  
  17  1:26  Barracks  
  17  1:30  SCV  
  18  1:44  Barracks  
  18  1:46  SCV  
  19  1:54  Refinery  
  19  2:00  Refinery  
  19  2:14  Orbital Command  
  19  2:25  Orbital Command  
  19  2:30  Barracks Tech Lab  
  19  2:39  Barracks Reactor  
  19  2:45  SCV  
  19  2:47  Barracks Reactor  
  20  2:52  Marauder  
  20  2:54  SCV  
  23  3:00  SCV  
  23  3:01  Supply Depot  
  24  3:10  Engineering Bay  
  24  3:20  SCV x2  
  24  3:22  Supply Depot  
  24  3:24  Marine  
  24  3:25  Marine x2  
  29  3:27  Marine  
  29  3:34  Supply Depot  
  30  3:35  SCV  
  30  3:37  SCV  
  32  3:42  Terran Infantry Armor Level 1  
  32  3:46  Combat Shields  
  32  3:51  SCV  
  32  3:52  SCV  
  34  3:56  Marine x2  
  34  3:58  Marine  
  34  4:00  Marine  
  38  4:05  Supply Depot  
  38  4:18  Engineering Bay  
  38  4:24  Marine x2  
  38  4:25  Factory, Marine x2  
  38  4:27  Marauder  
  44  4:32  Supply Depot  
  44  4:33  SCV  
  44  4:35  SCV  
  46  4:42  Marine x3  
  46  4:43  Marine  
  50  4:48  Marauder  
  52  4:55  Supply Depot  
  52  4:58  SCV x2  
  54  5:02  Refinery  
  54  5:04  Refinery, Marine  
  54  5:06  Marine  
  56  5:09  Marine x2  
  56  5:10  SCV  
  59  5:14  Stimpack  
  59  5:17  Terran Infantry Weapons Level 1  
  59  5:23  Armory  
  59  5:31  Marine x2  
  59  5:32  Marine x2  
  63  5:39  Factory Reactor  
  63  5:41  SCV x2  
  63  5:42  Starport  
  65  5:52  Marine  
  65  5:53  Marine x3  
  65  5:54  Marauder  
  71  5:58  Supply Depot  
  71  5:59  SCV  
  71  6:00  SCV  
  73  6:09  Terran Infantry Armor Level 2  
  73  6:11  Marine  
  73  6:12  Marine  
  73  6:13  Marine  
  73  6:14  Marine  
  73  6:17  Marauder  
  79  6:21  Supply Depot  
  79  6:28  Terran Vehicle And Ship Armor Level 1  
  79  6:32  Medivac x2  
  83  6:41  Marauder  
  83  6:42  Supply Depot, Marine  
  83  6:43  Supply Depot  
  83  6:44  Marine  
  83  6:46  Marine  
  88  6:47  Marine  
  89  7:02  Medivac x2, Marine  
  89  7:03  Marine  
  95  7:11  Marauder  
  95  7:12  Marine x2  
  99  7:19  Marine  
  99  7:20  Terran Infantry Weapons Level 2  
  99  7:21  Marine  
  97  7:29  Marine  
  95  7:46  Medivac x2  
  95  7:47  Marine  
  95  7:48  Marine x3  
  95  7:49  Marauder  
  105  7:52  Supply Depot  
  105  7:53  Supply Depot  
  105  7:58  SCV  
  107  8:05  SCV  
  107  8:17  SCV  
  108  8:20  Command Center  
  94  8:39  Marauder, Marine x4  
  94  8:41  Unknown  
  98  8:51  Medivac x2  
  102  8:57  Marine x4  
  102  9:00  Marauder  
  108  9:08  Supply Depot  
  108  9:11  Supply Depot  
  108  9:15  Marine x3  
  111  9:17  Terran Infantry Armor Level 3  
  111  9:22  Marauder  
  111  9:23  Medivac x2  
  117  9:39  Unknown  
  117  9:50  Marine x2  
  117  9:51  Marine x2  
  117  9:52  Marauder  
  123  9:54  Terran Infantry Weapons Level 3  
  123  10:12  Marine  
  123  10:13  Marauder, Marine x3  
  129  10:21  Barracks  
  129  10:23  Barracks  
  129  10:27  Unknown  
  129  10:30  Marine x2  
  129  10:31  Marine x2  
  129  10:34  Unknown  
  129  10:35  Marauder  
  135  10:48  Marine x3  
  138  10:56  Marauder  
  140  11:02  Marine  
  140  11:06  Marine x3  
  143  11:11  Marine x2  
  143  11:18  Marauder  
  147  11:19  Marine  
  147  11:24  Marine x3  
  151  11:29  Marine  
  152  11:39  Marauder  
  154  11:40  Marine x2  
  154  11:41  Marine  
  154  11:42  Marine x2  
  157  12:00  Marauder  
  159  12:22  Marauder  
  160  12:43  Marauder  
Show
View Real Time Build Order
Export as new Build Order

A.I. 3 (Medium) Protoss 

Build Orders:  

Get SALT Encoding   

Show
View Real Time Build Order
Export as new Build Order

A.I. 4 (Medium) Zerg 

Build Orders:  

Get SALT Encoding   

Show
View Real Time Build Order
Export as new Build Order

A.I. 5 (Medium) Terran 

Build Orders:  

Get SALT Encoding   

  12  0:01  Probe (Chrono Boost)  
  13  0:12  Probe (Chrono Boost)  
  14  0:20  Pylon  
  14  0:22  Probe (Chrono Boost)  
  15  0:38  Probe (Chrono Boost)  
  16  0:47  Assimilator  
  16  0:49  Probe (Chrono Boost)  
  17  0:50  Gateway  
  17  0:59  Probe (Chrono Boost)  
  17  1:01  Pylon  
  18  1:28  Gateway  
  18  1:33  Assimilator  
  18  1:35  Zealot  
  20  1:40  Cybernetics Core  
  20  1:59  Zealot  
  20  2:07  Pylon  
  22  2:12  Warp Gate  
  22  2:19  Stalker  
  24  2:39  Stalker  
  26  2:59  Pylon  
  26  3:01  Probe (Chrono Boost), Stalker  
  30  3:13  Probe (Chrono Boost)  
  30  3:21  Adept  
  30  3:23  Forge  
  30  3:25  Probe (Chrono Boost)  
  33  3:37  Probe (Chrono Boost)  
  34  3:41  Stalker  
  37  3:49  Probe (Chrono Boost)  
  37  4:01  Probe (Chrono Boost)  
  37  4:02  Stalker  
  40  6:46  Sentry  
  42  6:49  Probe (Chrono Boost)  
  42  6:53  Pylon  
  43  6:54  Photon Cannon  
  43  6:57  Nexus, Photon Cannon  
  43  6:59  Robotics Facility  
  43  7:00  Sentry  
  45  7:02  Stargate  
  45  7:04  Twilight Council  
  45  7:09  Gateway  
  45  7:10  Forge  
  45  7:13  Sentry  
  47  7:17  Pylon  
  37  7:27  Adept  
  33  7:41  Stalker  
  35  7:47  Observer  
  36  7:54  Stalker  
  38  8:07  Observer  
  38  8:08  Stalker  
  38  8:11  Probe (Chrono Boost)  
  42  8:15  Probe (Chrono Boost)  
  43  8:20  Assimilator  
  43  8:21  Adept  
  43  8:22  Probe (Chrono Boost)  
  43  8:26  Probe (Chrono Boost)  
  43  8:27  Pylon  
  47  8:30  Pylon  
  47  8:32  Assimilator  
  47  8:33  Probe (Chrono Boost)  
  48  8:35  Zealot  
  48  8:37  Probe (Chrono Boost)  
  43  8:44  Probe (Chrono Boost)  
  37  8:48  Probe (Chrono Boost)  
  37  8:49  Zealot  
  37  8:55  Probe (Chrono Boost)  
  38  8:56  Photon Cannon  
  38  8:59  Photon Cannon  
  38  9:00  Probe (Chrono Boost)  
  39  9:03  Stalker  
  39  9:06  Probe (Chrono Boost)  
  40  9:11  Probe (Chrono Boost)  
  40  9:16  Stalker  
  42  9:17  Probe (Chrono Boost)  
  42  9:22  Probe (Chrono Boost)  
  43  9:28  Probe (Chrono Boost)  
  43  9:30  Sentry  
  46  9:33  Probe (Chrono Boost)  
  45  9:39  Probe (Chrono Boost)  
  45  9:44  Stalker  
  45  9:45  Probe (Chrono Boost)  
  47  9:58  Sentry  
  47  10:11  Zealot  
  47  10:25  Zealot  
  49  10:29  Void Ray  
  51  10:38  Immortal  
  53  10:47  Zealot  
  55  11:01  Stalker  
  53  11:16  Pylon  
  61  11:25  Gateway  
  61  11:27  Robotics Bay  
  61  11:28  Nexus  
  61  11:29  Sentry  
  61  11:30  Robotics Facility  
  63  11:35  Stargate  
  55  11:42  Sentry  
  49  11:51  Pylon  
  49  11:55  Cybernetics Core  
  49  11:58  Gateway  
  49  12:00  Gateway  
  43  12:06  Pylon  
  34  12:34  Pylon  
  34  12:43  Probe (Chrono Boost)  
  33  12:49  Pylon  
  19  12:52  Zealot  
  19  12:54  Probe (Chrono Boost)  
  19  12:55  Twilight Council  
Tags
 
Add a new tag
Caveats
  • Supply blocks, unpowered buildings, or Contaminate may cause inaccurate times.
  • Supply counts are checked every 10 seconds.